 Dungeon Crawl Stone Soup version 0.23.2-1-ga50397a (webtiles) character file.

Game seed: 14999486316009573346

641 diana the Ducker (level 7, -3/55 HPs)
             Began as a Demonspawn Gladiator on May 6, 2019.
             Slain by Grinder (9 damage)
             ... on level 6 of the Dungeon.
             The game lasted 00:05:41 (4303 turns).

diana the Ducker (Demonspawn Gladiator)             Turns: 4303, Time: 00:05:42

Health: -3/55      AC:  5    Str: 18      XL:     7   Next: 26%
Magic:  7/7        EV: 13    Int:  9      God:
Gold:   251        SH:  0    Dex: 11 (15) Spells: 6/6 levels left

rFire    + . .     SeeInvis .   a - +0 long sword
rCold    . . .     Gourm    .   (no shield)
rNeg     . . .     Faith    .   B - +0 leather armour of Weightlessness {rCorr Str+2} (curse)
rPois    +         Spirit   .   c - +0 helmet
rElec    .         Reflect  .   w - +0 cloak
rCorr    +         Harm     .   (no gloves)
MR       .....                  (boots unavailable)
Stlth    ++........             (no amulet)
HPRegen  0.18/turn              e - ring of poison resistance
MPRegen  0.10/turn              (no ring)

@: no status effects
A: hooves 3, fire resistance 1, nightstalker 1
a: no special abilities


You were on level 6 of the Dungeon.
You were not hungry.

You visited 1 branch of the dungeon, and saw 6 of its levels.

You collected 251 gold pieces.

Inventory:

Hand Weapons
 a - a +0 long sword (weapon)
Missiles
 d - 3 throwing nets (quivered)
Armour
 c - a +0 helmet (worn)
 w - a +0 cloak (worn)
 B - the cursed +0 leather armour of Weightlessness (worn) {rCorr Str+2}
   (You found it on level 6 of the Dungeon)

   It affects your strength (+2).
   It provides partial protection from all sources of acid and corrosion.
   It has a curse placed upon it.
Jewellery
 e - a ring of poison resistance (left hand)
Scrolls
 i - a scroll of blinking {unknown}
 k - a scroll of noise {unknown}
 m - a scroll of teleportation {unknown}
 n - a scroll of enchant armour {unknown}
 o - 3 scrolls of identify {unknown}
 p - 2 scrolls of remove curse {unknown}
 r - 2 scrolls of immolation {unknown}
 s - 2 scrolls of amnesia {unknown}
 t - a scroll of enchant weapon {unknown}
 x - a scroll of fear {unknown}
 y - a scroll of magic mapping {unknown}
Potions
 g - a potion of ambrosia {unknown}
 h - a potion of magic {unknown}
 j - a potion of agility {unknown}
 l - a potion of resistance {unknown}
 q - a potion of haste {unknown}
 u - a potion of heal wounds {unknown}
 v - a potion of curing {unknown}
 z - a potion of brilliance {unknown}
 A - a potion of lignification {unknown}
Comestibles
 f - 6 rations


   Skills:
 + Level 4.3 Fighting
 + Level 4.4 Long Blades
 - Level 1.7 Throwing
 + Level 3.2 Armour
 + Level 4.5 Dodging


You had 6 spell levels left.
You didn't know any spells.
Your spell library was empty.

Dungeon Overview and Level Annotations

Branches:
Dungeon (6/15)
 Temple: D:4-7

Altars:
Kikubaaqudgha
Uskayaw
Wu Jian

Shops:
D:5 :

Annotations:
D:2 1 runed translucent door, Crazy Yiuf
D:6 Grinder


Innate Abilities, Weirdness & Mutations

You have hooves in place of feet.
Your flesh is heat resistant. (rF+)
You are slightly more attuned to the shadows.


Message History

You closely miss Grinder. You kick Grinder, but do no damage.
Grinder gestures at you.
You suddenly lose the ability to move!
Grinder hits you!
You writhe in agony.
Grinder hits you.
You writhe in agony.
Grinder hits you!
* * * LOW HITPOINT WARNING * * *
You writhe in agony.
* * * LOW HITPOINT WARNING * * *
Grinder hits you but does no damage. Grinder hits you.
* * * LOW HITPOINT WARNING * * *
You writhe in agony.
* * * LOW HITPOINT WARNING * * *
You can move again.
Unknown command.
You hit Grinder. You kick Grinder!
Grinder is moderately wounded.
Grinder hits you!
You die...

###+# #...#
#...# #...#
#...# #...#
#.@5#
.##...######
.......'....#
.......#....#
........#....#
#+###+####..##
###..####+####
#....#........
+....'........


You could see Grinder.

Vanquished Creatures
  A phantom (D:5)
  A centaur (D:5)
  A scorpion (D:5)
  A quasit (D:6)
  A centaur zombie (D:5)
  A crimson imp (D:5)
  2 hounds (D:4)
  Jessica (D:3)
  Terence (D:2)
  An iguana (D:4)
  2 worker ants (D:4)
  8 adders
  A worm (D:5)
  2 dart slugs (D:1)
  4 leopard geckos
  2 orcs
  4 bats
  4 giant cockroaches
  6 goblins
  8 hobgoblins
  8 kobolds
  A quokka (D:2)
  A ball python (D:1)
  10 frilled lizards
  8 rats
80 creatures vanquished.

Notes
Turn   | Place    | Note
-------+----------+-------------------------------------------
     0 | D:1      | diana the Demonspawn Gladiator began the quest for the Orb.
     0 | D:1      | Reached XP level 1. HP: 16/16 MP: 1/1
    60 | D:1      | Gained mutation: You have large cloven feet. [demonic
                  | ancestry]
    60 | D:1      | Reached XP level 2. HP: 19/22 MP: 2/2
   510 | D:1      | Reached skill level 1 in Armour
   518 | D:1      | Gained mutation: You have hoof-like feet. [demonic
                  | ancestry]
   518 | D:1      | Reached XP level 3. HP: 24/28 MP: 3/3
   780 | D:2      | Noticed Terence
   980 | D:2      | Killed Terence
   980 | D:2      | Reached XP level 4. HP: 23/34 MP: 4/4
  1371 | D:2      | Found a runed translucent door.
  1372 | D:2      | Noticed Crazy Yiuf
  1398 | D:2      | Found an ornate altar of the Wu Jian Council.
  1398 | D:2      | Found a hide-covered altar of Uskayaw.
  1404 | D:2      | Found an ancient bone altar of Kikubaaqudgha.
  1406 | D:2      | Found a faded altar of an unknown god.
  1408 | D:2      | Found a faded altar of an unknown god.
  1907 | D:3      | Noticed Jessica
  1913 | D:3      | Killed Jessica
  1913 | D:3      | Gained mutation: Your flesh is heat resistant. (rF+)
                  | [demonic ancestry]
  1913 | D:3      | Reached XP level 5. HP: 40/41 MP: 5/5
  2819 | D:4      | Gained mutation: You have hooves in place of feet. [demonic
                  | ancestry]
  2819 | D:4      | Reached XP level 6. HP: 20/47 MP: 6/6
  3253 | D:5      | Entered Level 5 of the Dungeon
  3301 | D:4      | HP: 2/48 [poisoned by a scorpion]
  3308 | D:4      | HP: 2/48 [poisoned by a scorpion]
  3316 | D:4      | HP: 1/48 [poisoned by a scorpion]
  3910 | D:5      | Gained mutation: You are slightly more attuned to the
                  | shadows. [demonic ancestry]
  3910 | D:5      | Reached XP level 7. HP: 50/54 MP: 7/7
  4183 | D:5      | Found Archisot's Book Boutique.
  4270 | D:6      | Got a heavily runed leather armour
  4281 | D:6      | Identified the cursed +0 leather armour of Weightlessness
                  | {rCorr Str+2} (You found it on level 6 of the Dungeon)
  4294 | D:6      | Noticed Grinder
  4297 | D:6      | Paralysed by Grinder for 6 turns
  4303 | D:6      | Slain by Grinder

Skill      XL: |  1  2  3  4  5  6 |
---------------+-------------------+-----
Dodging        | 3 4 |  4.5
Long Blades    | 3 4 |  4.4
Armour         | 1 2 3 |  3.2
Fighting       | 3 4 |  4.3
Throwing       | |  1.7

Action                   |  1- 3 |  4- 6 |  7- 9 || total
-------------------------+-------+-------+-------++-------
Melee: Long sword        |    76 |   114 |    42 ||   232
       Kick              |    16 |    42 |    16 ||    74
  Eat: Chunk             |       |     8 |     1 ||     9
       Ration            |       |       |     1 ||     1
Armor: Leather armour    |    21 |    32 |    42 ||    95
Dodge: Dodged            |    58 |    83 |    58 ||   199
       Rpst.: Long sword |    23 |    29 |     7 ||    59
